 Dungeon Crawl Stone Soup version 0.29-a0-303-ge4682ce883 (webtiles) character file.

Game seed: 8335494047540270695

2062 kae the Firebug (level 9, 0/52 HPs)
             Began as a Tengu Fire Elementalist on Mar 25, 2022.
             Was an Initiate of Vehumet.
             Engulfed by a steam dragon's steam (9 damage)
             ... on level 6 of the Dungeon.
             The game lasted 00:06:23 (9382 turns).

kae the Firebug (Tengu Fire Elementalist)           Turns: 9382, Time: 00:06:24

Health: 0/52       AC:  7    Str:  8    XL:     9   Next: 25%
Magic:  9/16       EV: 32    Int: 20    God:    Vehumet [......]
Gold:   207        SH:  0    Dex: 15    Spells: 4/17 levels left

rFire   . . .      SeeInvis .   a - +2 whip (freeze)
rCold   . . .      Faith    .   (no shield)
rNeg    + . .      Spirit   .   s - +2 robe {rN+}
rPois   .          Reflect  .   (helmet restricted)
rElec   .          Harm     .   q - +0 cloak
rCorr   .          Rampage  .   g - +1 pair of gloves
Will    .....                   (boots unavailable)
Stlth   ++........              h - amulet of the acrobat
HPRegen 0.17/turn               p - ring of wizardry
MPRegen 0.15/turn               (no ring)

@: acrobatic, flying quickly and evasively, quick
A: beak, talons 3, nimble flight
a: Renounce Religion


You were on level 6 of the Dungeon.
You worshipped Vehumet.
Vehumet was noncommittal.
You visited 2 branches of the dungeon, and saw 8 of its levels.

You collected 481 gold pieces.
You spent 274 gold pieces at shops.

Inventory:

Hand Weapons
 a - a +2 whip of freezing (weapon)
 d - a +2 dagger of protection
 l - the +7 flail of the Past {distort, rC+ Int+6 Dex-3}
   (You found it on level 2 of the Dungeon)

   It warps and distorts space around it, and may blink, banish, or inflict
   extra damage upon those it strikes.
   Unwielding it can cause banishment or high damage.
   Int:       It affects your intelligence (+6).
   Dex:       It affects your dexterity (-3).
   rC:        It protects you from cold.
Armour
 g - a +1 pair of gloves (worn)
 o - the +1 ring mail of the Enchanted Forest {Contam Rampage rC- SInv}
   (You bought it in a shop on level 6 of the Dungeon)

   rC:        It makes you vulnerable to cold.
   SInv:      It lets you see invisible.
   Contam:    It causes magical contamination when unequipped.
   Rampage:   It bestows one free step when moving towards enemies.
 q - a +0 cloak (worn)
 s - a +2 robe of positive energy (worn)
Jewellery
 h - an amulet of the acrobat (around neck)
 p - a ring of wizardry (left hand)
 x - a ring of positive energy
Wands
 w - a wand of iceblast (8)
Scrolls
 j - a scroll of holy word
Potions
 b - a potion of magic
 c - a potion of mutation
 e - 2 potions of flight
 f - a potion of haste
 i - a potion of berserk rage
 k - 3 potions of brilliance
 m - a potion of lignification
 n - a potion of attraction {unknown}
 r - 3 potions of curing {unknown}
 u - 2 potions of might {unknown}


   Skills:
 + Level 4.2 Fighting
 + Level 4.5 Armour
 + Level 5.3 Dodging
 - Level 2.0 Stealth
 + Level 4.5 Spellcasting
 + Level 5.8 Conjurations
 * Level 7.7 Fire Magic


You had 4 spell levels left.
You knew the following spells:

 Your Spells              Type           Power      Damage    Failure   Level
a - Foxfire               Conj/Fire      100%       2x1d9     1%          1
b - Scorch                Fire           70%        2d9       1%          2
c - Conjure Flame         Conj/Fire      31%        6-21      1%          3
d - Inner Flame           Hex/Fire       20%        N/A       3%          3
e - Flame Wave            Conj/Fire      31%        2d8       3%          4

Your spell library contained the following spells:

 Spells                   Type           Power      Damage    Failure   Level
 Shock                    Conj/Air       64%        1d7       1%          1
 Animate Skeleton         Necr           8%         N/A       4%          1
 Apportation              Tloc           8%         N/A       4%          1
 Summon Small Mammal      Summ           16%        N/A       4%          1
 Call Canine Familiar     Summ           4%         N/A       16%         3
 Portal Projectile        Hex/Tloc       8%         N/A       16%         3
 Swiftness                Air            4%         N/A       16%         3
 Airstrike                Air            2%         N/A       43%         4
 Leda's Liquefaction      Hex/Erth       2%         N/A       43%         4


Dungeon Overview and Level Annotations

Branches:
Dungeon (7/15)             Temple (1/1) D:4

Altars:
Ashenzari
Cheibriados
Dithmenos
Elyvilon
Fedhas
Gozag
Hepliaklqana
Kikubaaqudgha
Okawaru
Qazlal
Ru
Uskayaw
Vehumet
Wu Jian
Xom
Yredelemnul
The Shining One

Shops:
D:1 (   D:3 [[(   D:6 [


Innate Abilities, Weirdness & Mutations

You have a beak for a mouth.
You have claws for feet.
Your magical nature lets you fly swiftly and evasively.


Message History

The ball of steam hits you!!
You hear an angry buzzing noise.
There is a stone staircase leading up, spattered with blood here.
Casting: Scorch (safe; 1% risk of failure)
Confirm with . or Enter, or press ? or * to list all spells.
Flames lash the orc.
You kill the orc!
Vehumet accepts your kill.
You are engulfed in a cloud of scalding steam.
You are engulfed in a cloud of scalding steam.
The steam dragon misses you. The steam dragon completely misses you.
An ice beast comes into view.
You are engulfed in a cloud of scalding steam.
The steam dragon barely misses you. The steam dragon closely misses you.
You fly upwards.
There is a stone staircase leading down here.
Casting: Scorch (safe; 1% risk of failure)
Confirm with . or Enter, or press ? or * to list all spells.
Flames lash the steam dragon.
The steam dragon is lightly wounded.
The steam dragon's fire resistance burns away.
The steam dragon bites you but does no damage.
The steam dragon claws you but does no damage.
The steam dragon closely misses you. The steam dragon completely misses you.
Casting: Scorch (safe; 1% risk of failure)
Confirm with . or Enter, or press ? or * to list all spells.
Flames lash the steam dragon.
The steam dragon is burned terribly!
The steam dragon is moderately wounded.
The steam dragon breathes steam at you. The ball of steam hits you!
* * * LOW HITPOINT WARNING * * *
You are engulfed in a cloud of scalding steam.
* * * LOW HITPOINT WARNING * * *
The steam dragon barely misses you. The steam dragon completely misses you.
Casting: Scorch (safe; 1% risk of failure)
Confirm with . or Enter, or press ? or * to list all spells.
Flames lash the steam dragon.
The steam dragon is burned terribly!
The steam dragon is almost dead.
You are engulfed in a cloud of scalding steam.
You die...

#.#.############...##
#.#.# #...## #.#.#
##########..... #.#.#
#..........#.#. #.#.#
#<##########.#. ###.#.#
#.# #.#. #.....# #.#
#.#. #.###D###.#####
#.#. #.#
#.@†......######.#.
#.###§#######........#.
#.....# #####.##8..
####### #..#... #.....∩
#...... #...>.. ##.....
#8....


You could see a steam dragon (catching breath, combustible).

Vanquished Creatures
  A water moccasin (D:5)
  An ice beast (D:6)
  A black bear (D:6)
  An ogre (D:4)
  A phantom (D:5)
  Blork the orc (D:4)
  A kobold brigand (D:6)
  3 bullfrogs (D:6)
  7 scorpions
  A killer bee (D:7)
  2 jellies
  5 hounds
  5 iguanas
  5 orc wizards
  Robin (D:4)
  3 gnolls
  12 adders
  2 white imps
  4 ufetubi
  An adder zombie (D:3)
  2 worms (D:3)
  3 dart slugs
  20 orcs
  14 ball pythons
  7 endoplasms
  8 giant cockroaches
  16 goblins
  15 hobgoblins
  10 kobolds
  6 quokkas
  A ball python zombie (D:3)
  2 bats
  3 frilled lizards (D:2)
  12 rats
177 creatures vanquished.

Vanquished Creatures (others)
  463 foxfires
  7 fungi (D:3)
470 creatures vanquished.

Grand Total: 647 creatures vanquished

Notes
Turn   | Place    | Note
-------+----------+-------------------------------------------
     0 | D:1      | kae the Tengu Fire Elementalist began the quest for the
                  | Orb.
     0 | D:1      | Reached XP level 1. HP: 10/10 MP: 4/4
   447 | D:1      | Reached XP level 2. HP: 16/16 MP: 4/6
   829 | D:1      | Reached XP level 3. HP: 20/20 MP: 2/7
   832 | D:1      | Learned a level 2 spell: Scorch
   836 | D:1      | Learned a level 3 spell: Conjure Flame
  1011 | D:1      | Found Joeqavas's Weapon Shoppe.
  1193 | D:1      | Reached skill level 1 in Fighting
  1193 | D:1      | Reached skill level 4 in Fire Magic
  1266 | D:2      | Reached skill level 1 in Armour
  1311 | D:1      | Reached XP level 4. HP: 10/25 MP: 1/8
  1907 | D:2      | Identified the +7 flail of the Past {distort, rC+ Int+6
                  | Dex-3}
  3130 | D:3      | Gained mutation: Your magical nature lets you fly swiftly
                  | and evasively. [Tengu growth]
  3130 | D:3      | Reached XP level 5. HP: 29/29 MP: 2/9
  3243 | D:3      | Found Uleuhis's Antique Weapon Emporium.
  3404 | D:3      | Found Fetagis's Armour Emporium.
  3614 | D:3      | Found a basalt altar of Yredelemnul.
  4356 | D:3      | Found a sacrificial altar of Ru.
  4387 | D:3      | Found Zalehush's Antique Armour Shop.
  4395 | D:3      | Bought an embroidered robe for 85 gold pieces
  4519 | D:4      | Noticed Robin
  4603 | D:4      | Killed Robin
  4832 | D:4      | Noticed an ogre
  4843 | D:4      | Reached XP level 6. HP: 35/35 MP: 6/11
  5038 | D:4      | Learned a level 3 spell: Inner Flame
  5192 | D:4      | Found a shimmering altar of Xom.
  5210 | D:4      | Reached skill level 5 in Fire Magic
  5498 | D:4      | Noticed Blork the orc
  5500 | D:4      | Reached XP level 7. HP: 34/40 MP: 5/12
  6180 | D:4      | Found a staircase to the Ecumenical Temple.
  6200 | Temple   | Entered the Ecumenical Temple
  6508 | D:4      | Killed Blork the orc
  6604 | D:5      | Entered Level 5 of the Dungeon
  6622 | D:5      | Reached skill level 6 in Fire Magic
  6661 | D:5      | Reached XP level 8. HP: 43/46 MP: 8/14
  6700 | D:5      | Found an opulent altar of Gozag.
  6873 | D:5      | Found a shadowy altar of Dithmenos.
  7723 | D:6      | Found Wifouh's Antique Armour Shop.
  7729 | D:6      | Learned a level 4 spell: Flame Wave
  7738 | D:6      | Bought a distressingly furry ring mail for 189 gold pieces
  7738 | D:6      | Identified the +1 ring mail of the Enchanted Forest {Contam
                  | Rampage rC- SInv} (You bought it in a shop on level 6 of
                  | the Dungeon)
  8135 | D:6      | Reached skill level 5 in Conjurations
  8218 | D:6      | Reached skill level 7 in Fire Magic
  8514 | D:6      | Reached skill level 5 in Dodging
  8514 | D:6      | Reached XP level 9. HP: 48/52 MP: 7/16
  8977 | D:6      | Found a radiant altar of Vehumet.
  9211 | D:6      | Became a worshipper of Vehumet
  9382 | D:6      | Engulfed by a steam dragon's steam

Illustrated notes

Levels and vault maps discovered:
D:1:      tarquinn_simple_flora_water_b, layout_rooms, serial_shops,
          nicolae_shop_hallway_stairs, minmay_tall_x
D:2:      layout_loops_corners, minmay_diced_spiral
D:3:      layout_basic, mainiacjoe_overflow_chevrons,
          lemuel_zombie_altar_yredelemnul, serial_shops,
          nicolae_shop_waterfront, shop, nicolae_shop_trees, minmay_pentangle
D:4:      minmay_chambers_of_threes, layout_cave_pools, xom_confusion_cloud,
          minmay_temple_entry_mini_moons, minmay_misc_feat_four_crosses,
          minmay_misc_feat_encased, kennysheep_small_circle, uniq_blork_the_orc,
          uniq_robin
D:5:      layout_loops_cross, nicolae_gozag_seed_capital,
          grunt_dithmenos_shadows
D:6:      layout_loops_ring, mainiacjoe_overflow_six_doors_small, serial_shops,
          nicolae_stop_n_shop_1, st_stairs_1, minmay_quadrilaterals
D:7:      layout_loops_ring, serial_bayou_lagoon_a, st_stairs_9
Temple:   minmay_temple_curvy_loop

Skill      XL: |  1  2  3  4  5  6  7  8  9 |
---------------+----------------------------+-----
Conjurations   | 2 3 4 5 |  5.8
Fighting       | 1 2 3 4 |  4.2
Fire Magic     | 4 5 6 7 |  7.7
Armour         | 1 2 3 4 |  4.5
Dodging        | 3 4 5 |  5.3
Spellcasting   | 3 4 |  4.5
Stealth        | |  2.0

Action                   |  1- 3 |  4- 6 |  7- 9 || total
-------------------------+-------+-------+-------++-------
Melee: Dagger            |     6 |    55 |       ||    61
       Kick              |     2 |    14 |    14 ||    30
       Peck              |     1 |     9 |    10 ||    20
       Punch             |       |     2 |     1 ||     3
       Whip              |       |    12 |    48 ||    60
 Cast: Foxfire           |    35 |   131 |   105 ||   271
       Scorch            |     7 |    12 |    48 ||    67
       Conjure Flame     |       |     1 |     2 ||     3
  Use: Scroll            |       |    10 |     3 ||    13
 Stab: Sleeping          |       |     3 |       ||     3
Armor: Robe              |     2 |    14 |    36 ||    52
Dodge: Dodged            |    14 |    71 |   150 ||   235

Table legend: (Time is in decaauts)
 A = Elapsed time spent in this place.
 B = Non-inter-level travel time spent in this place.
 C = Inter-level travel time spent in this place.
 D = Time resting spent in this place.
 E = Time spent auto-exploring this place.
 F = Levels seen in this place.
 G = Mean time per level.
                   A        B        C        D        E       F      G
               +--------+--------+--------+--------+--------+-----+--------+
         Total |   9082 |   8831 |    251 |    678 |   6836 |   8 | 1135.2 |
       Dungeon |   8882 |   8652 |    230 |    678 |   6665 |   7 | 1268.9 |
        Temple |    199 |    179 |     20 |      0 |    171 |   1 |  199.0 |
               +--------+--------+--------+--------+--------+-----+--------+

Top non-repeatable levels by time:
     D:4: 1706 daAuts
     D:2: 1667 daAuts
     D:6: 1548 daAuts
     D:1: 1457 daAuts
     D:3: 1409 daAuts
     D:5: 1056 daAuts
  Temple: 199 daAuts
     D:7: 38 daAuts
